 Dungeon Crawl Stone Soup version 0.22.1-1-ga44c0e5 (webtiles) character file.

56624 LazyFox the Fighter (level 14, -7/92 HPs)
             Began as a Gargoyle Earth Elementalist on Nov 2, 2018.
             Was a High Priest of Sif Muna.
             Mangled by Rupert
             ... wielding a +3 great sword of holy wrath
              (22 damage)
             ... on level 13 of the Dungeon.
             The game lasted 02:44:07 (25100 turns).

LazyFox the Fighter (Gargoyle Earth Elementalist)  Turns: 25100, Time: 02:44:08

Health: -7/92      AC: 16    Str: 12    XL:     14   Next: 82%
Magic:  18/38      EV: 17    Int: 21    God:    Sif Muna [*****.]
Gold:   1228       SH:  5    Dex: 15    Spells: 9/35 levels left

rFire    + + .     SeeInvis +   b - +8 whip "Snakebite" {curare, rPois}
rCold    . . .     Gourm    .   T - +0 buckler
rNeg     + . .     Faith    .   I - +1 robe {rC+ rF+}
rPois    ∞         Spirit   .   s - +1 helmet {SInv}
rElec    +         Reflect  .   (no cloak)
rCorr    .         Harm     .   l - +0 pair of gloves
MR       +....                  (no boots)
Stlth    ++++......             Y - amulet of regeneration
HPRegen  0.65/turn              m - ring of fire
MPRegen  0.26/turn              q - ring of magical power

@: agile, divine energy
A: big wings, negative energy resistance 1, electricity resistance, unbreathing,
petrification resistance, rot immunity, AC +10
a: Fly, Stop Divine Energy, Channel Magic, Forget Spell, Renounce Religion


You were on level 13 of the Dungeon.
You worshipped Sif Muna.
Sif Muna was extremely pleased with you.
You were not hungry.

You visited 3 branches of the dungeon, and saw 20 of its levels.

You collected 1228 gold pieces.

Inventory:

Hand Weapons
 b - the +8 whip "Snakebite" (weapon) {curare, rPois}
   (You found it on level 2 of the Lair of Beasts)

   It poisons the flesh of those it strikes.
   It protects you from poison.
Missiles
 K - 240 stones (quivered)
Armour
 l - a +0 pair of gloves (worn)
 s - a +1 helmet of see invisible (worn)
 I - a +1 robe of resistance (worn)
 J - +0 steam dragon scales
 T - a +0 buckler (worn)
Magical Staves
 a - an uncursed staff of wizardry
Jewellery
 i - a +5 ring of intelligence
 m - a ring of fire (left hand)
 q - a ring of magical power (right hand)
 Y - an amulet of regeneration (around neck)
Wands
 e - a wand of paralysis (13)
 w - a wand of acid (5)
 E - a wand of enslavement (17)
 P - a wand of polymorph (22)
 S - a wand of iceblast (10)
 V - a wand of clouds (4)
Scrolls
 f - 8 scrolls of remove curse
 g - 6 scrolls of blinking
 h - 11 scrolls of identify
 j - a scroll of fog
 n - 5 scrolls of enchant armour
 y - 2 scrolls of enchant weapon
 z - 6 scrolls of teleportation
 B - a scroll of torment
 F - a scroll of holy word {unknown}
 H - 4 scrolls of amnesia
 L - 3 scrolls of fear
 M - a scroll of vulnerability
 W - a scroll of magic mapping
Potions
 c - 10 potions of curing
 k - 2 potions of cancellation
 o - 5 potions of might
 p - 4 potions of agility
 r - 4 potions of mutation
 t - 2 potions of invisibility {unknown}
 u - 2 potions of flight
 v - a potion of brilliance {unknown}
 A - 4 potions of heal wounds
 C - 3 potions of ambrosia
 G - 6 potions of resistance
 Q - a potion of degeneration {unknown}
 R - 3 potions of haste {unknown}
 Z - a potion of magic {unknown}
Miscellaneous
 D - a crystal ball of energy
 O - a phial of floods (inert)
Comestibles
 d - 25 rations
 x - 5 chunks of flesh


   Skills:
 - Level 12.0 Fighting
 + Level 6.4 Maces & Flails
 - Level 1.5 Dodging
 - Level 6.0 Stealth
 - Level 4.0 Shields
 + Level 11.4 Spellcasting
 - Level 10.5 Conjurations
 - Level 4.1 Transmutations
 * Level 10.5 Fire Magic
 - Level 9.0 Earth Magic
 - Level 7.0 Invocations


You had 9 spell levels left.
You knew the following spells:

 Your Spells              Type           Power        Failure   Level  Hunger
a - Sandblast             Erth           ######       1%          1    None
b - Stone Arrow           Conj/Erth      ######       1%          3    None
c - Lee's Rapid Deconstr  Erth           ######....   3%          5    ####...
d - Bolt of Magma         Conj/Fire/Erth ######....   2%          5    ####...
e - Mephitic Cloud        Conj/Pois/Air  ####....     4%          3    None
f - Petrify               Tmut/Erth      #####...     3%          4    #......
g - Passwall              Tmut/Erth      #####...     1%          2    None
h - Conjure Flame         Conj/Fire      ######..     1%          3    None

Your spell library contained the following spells:

 Spells                   Type           Power        Failure   Level  Hunger
 Beastly Appendage        Tmut           ####..       1%          1    None
 Sting                    Conj/Pois      ####         1%          1    None
 Sticks to Snakes         Tmut           ####....     1%          2    None
 Throw Frost              Conj/Ice       ####..       1%          2    None
 Static Discharge         Conj/Air       ####....     1%          3    None
 Sticky Flame             Conj/Fire      ######..     1%          4    #......
 Freeze                   Ice            ##..         5%          1    None
 Throw Icicle             Conj/Ice       ####....     6%          4    #......
 Spider Form              Tmut/Pois      ###.......   7%          3    None
 Irradiate                Conj/Tmut      #####.....   8%          5    ####...
 Poisonous Vapours        Pois/Air       ##....       9%          2    None
 Ozocubu's Armour         Chrm/Ice       ##......     17%         3    None
 Lightning Bolt           Conj/Air       ####......   19%         5    ####...
 Venom Bolt               Conj/Pois      ####......   19%         5    ####...
 Ice Form                 Ice/Tmut       ###.....     24%         4    #......
 Blade Hands              Tmut           ####......   28%         5    ####...
 Olgreb's Toxic Radiance  Pois           ##......     50%         4    #......
 Summon Ice Beast         Ice/Summ       ##......     50%         4    #......
 Hydra Form               Tmut           ####......   83%         6    ######.
 Ignition                 Fire           ######....   99%         8    #######
 Dragon Form              Tmut           ####......   100%        7    #######
 Shatter                  Erth           ######....   100%        9    #######
 Tornado                  Air            ##........   100%        9    #######
 Statue Form              Tmut/Erth      Unusable     N/A         6    N/A

Dungeon Overview and Level Annotations

Branches:
Dungeon (13/15)            Temple (0/1) D:7            Lair (6/6) D:9
  Swamp (0/4) Lair:2        Snake (1/4) Lair:3        Slime (0/5) Lair:5
    Orc (0/2) D:9
 Vaults: D:13-14

Altars:
Elyvilon
Fedhas
Makhleb
Nemelex Xobeh
Ru
Sif Muna
Wu Jian
Yredelemnul
Zin
The Shining One
Jiyva

Annotations:
D:5 Harold
D:8 Psyche
D:13 Rupert
Lair:3 exclusion: downstairs


Innate Abilities, Weirdness & Mutations

You are resistant to torment.
Your stone body is resilient. (AC +10)
You are immune to poison.
Your large and strong wings let you fly indefinitely.
You resist negative energy. (rN+)
You are resistant to electric shocks. (rElec)
You can survive without breathing.
You are immune to petrification.
You are immune to rotting.


Message History

You feel a surge of power!
The fire ignites!
Rupert is engulfed in noxious fumes.
Rupert looks more energetic.
Rupert roars madly and goes into a rage!
Rupert goes berserk!
You hear a shout!
Some of the chunks of flesh in your inventory have rotted away.
Casting: Conjure Flame (safe; 1% risk of failure)
Confirm with . or Enter, or press ? or * to list all spells.
Aiming: Mephitic Cloud (safe; 4% risk of failure)
Press: ? - help, Shift-Dir - straight line, f - Rupert
Aim: Rupert, wielding a great sword of holy wrath and wearing a glowing ring The ball explodes into a vile cloud!
The stinking cloud engulfs Rupert.
Rupert is moderately wounded.
The stinking cloud engulfs you!
Rupert is engulfed in noxious fumes.
Rupert hits you with a great sword of holy wrath!!
* * * LOW HITPOINT WARNING * * *
Rupert is engulfed in noxious fumes.
Rupert hits you with a great sword of holy wrath!!
You die...

.#.##....#..............#####
.............................
..)).....#.≈≈≈.....#...##.####
.....$...###≈###)###.........#
..........†≈≈# #)# #.#(......#
.......p###### #.#
#o#.......#### ........# #(#
#p#..(........ .######.# #.#
#p##.#........ . #.# #@#
#.##(#........ ..# #@#
#.##(#.####### .. #.# #.##c#.#
########.# #.##p#.#
#........###..#p#.#
##........@..#.#.#
#......###..#.#.# ##.....#
#..#.#.# #.....# #..#.#.#


You could see Rupert (berserk).

Vanquished Creatures
  A dire elephant (Lair:6)
  Josephine (D:10)
  6 hydras
  A catoblepas (Lair:6)
  A deep troll shaman (Lair:6)
  A tengu warrior (D:13)
  3 two-headed ogres
  4 death yaks (Lair:6)
  Sonja (Lair:3)
  3 skeletal warriors (D:12)
  Pikel (D:3)
  An orc knight (D:13)
  4 oklob plants (Lair:5)
  A cyclops (D:12)
  9 elephants
  A torpor snail (Lair:5)
  7 black mambas
  5 spiny frogs
  A spiny frog (shapeshifter) (D:13)
  2 rime drakes
  7 komodo dragons
  A tengu conjurer (D:13)
  3 trolls
  2 polar bears (Lair:6)
  3 meliai (D:13)
  8 slime creatures (D:13)
  3 blink frogs (Lair:5)
  7 hippogriffs
  4 hornets
  11 dream sheep
  A spriggan (D:8)
  40 yaks
  4 wraiths (D:10)
  A wyvern (D:12)
  2 hungry ghosts
  12 humans (D:13)
  4 vampire mosquitoes (D:13)
  A steam dragon (D:11)
  20 water moccasins
  15 porcupines
  5 orc warriors
  3 black bears
  5 phantoms
  3 sky beasts
  A slave (D:3)
  5 ogres
  21 wolves
  14 centaurs
  11 crocodiles
  A big kobold (D:9)
  16 bullfrogs
  4 scorpions
  A water moccasin skeleton (D:7)
  14 killer bees
  8 wights
  2 howler monkeys
  An electric eel (Lair:2)
  7 crimson imps
  2 jellies
  5 hounds
  4 bullfrog skeletons
  8 orc wizards
  3 orc priests
  A centaur skeleton (D:7)
  4 hell rats
  5 iguanas
  8 worker ants
  3 hound zombies
  2 hound skeletons
  11 adders
  4 gnolls (D:9)
  7 shadow imps
  An ooze (D:4)
  A worm (D:3)
  2 dart slugs (D:1)
  8 leopard geckos
  32 orcs
  2 ball pythons (D:1)
  6 giant cockroaches
  6 goblins
  10 hobgoblins
  9 jackals
  17 kobolds
  3 quokkas
  8 bats
  11 frilled lizards
  A leopard gecko zombie (D:6)
  A quokka zombie (D:5)
  4 rats
  2 plants
516 creatures vanquished.

Vanquished Creatures (others)
  A slave (D:4)
  An ogre (D:4)
  14 fungi
  41 plants
  5 toadstools (D:1)
62 creatures vanquished.

Grand Total: 578 creatures vanquished

Notes
Turn   | Place    | Note
-------+----------+-------------------------------------------
     0 | D:1      | LazyFox the Gargoyle Earth Elementalist began the quest for
                  | the Orb.
     0 | D:1      | Reached XP level 1. HP: 10/10 MP: 3/3
   333 | D:1      | Reached XP level 2. HP: 16/16 MP: 1/5
   382 | D:1      | Reached skill level 1 in Fighting
   510 | D:1      | Learned a level 2 spell: Passwall
   589 | D:1      | Reached XP level 3. HP: 20/20 MP: 1/6
  1135 | D:1      | Learned a level 3 spell: Stone Arrow
  1286 | D:2      | Reached XP level 4. HP: 26/26 MP: 3/8
  1392 | D:2      | Found a sacrificial altar of Ru.
  1573 | D:3      | Reached skill level 2 in Fighting
  1717 | D:3      | Reached skill level 1 in Conjurations
  2254 | D:3      | Found a blossoming altar of Fedhas.
  2371 | D:3      | Reached XP level 5. HP: 30/30 MP: 9/9
  2580 | D:4      | Found a white marble altar of Elyvilon.
  2580 | D:4      | Noticed Pikel
  2580 | D:4      | Noticed a slave
  2580 | D:4      | Noticed a slave
  2580 | D:4      | Noticed a slave
  2580 | D:4      | Noticed a slave
  2594 | D:3      | Killed a slave
  2742 | D:3      | Killed Pikel
  2742 | D:3      | Reached skill level 3 in Fighting
  2742 | D:3      | Reached skill level 5 in Earth Magic
  2742 | D:3      | Reached XP level 6. HP: 23/37 MP: 0/11
  2742 | D:3      | Reached XP level 7. HP: 26/41 MP: 0/12
  3152 | D:4      | Reached skill level 4 in Fighting
  3511 | D:4      | Reached skill level 5 in Conjurations
  3819 | D:5      | Entered Level 5 of the Dungeon
  3896 | D:5      | Reached XP level 8. HP: 48/48 MP: 7/14
  4381 | D:5      | Reached skill level 5 in Fighting
  4509 | D:5      | Found a glowing golden altar of the Shining One.
  4927 | D:6      | Learned a level 5 spell: Lee's Rapid Deconstruction
  5117 | D:6      | Reached skill level 5 in Spellcasting
  5458 | D:6      | Found an ornate altar of the Wu Jian Council.
  5572 | D:6      | Found a deep blue altar of Sif Muna.
  5597 | D:6      | Became a worshipper of Sif Muna the Loreminder
  5662 | D:6      | Reached XP level 9. HP: 55/55 MP: 2/16
  5974 | D:7      | Noticed Harold
  6632 | D:7      | Learned a level 4 spell: Petrify
  6696 | D:7      | Found a burning altar of Makhleb.
  6753 | D:7      | Reached skill level 6 in Fighting
  6754 | D:7      | Reached skill level 1 in Transmutations
  6770 | D:7      | Reached skill level 1 in Shields
  7099 | D:7      | Found a staircase to the Ecumenical Temple.
  7599 | D:8      | Reached * piety under Sif Muna
  7984 | D:8      | Found a glowing silver altar of Zin.
  7994 | D:8      | Found a basalt altar of Yredelemnul.
  8527 | D:8      | Noticed Psyche
  8640 | D:9      | Reached XP level 10. HP: 41/60 MP: 6/20
  8695 | D:9      | Found a staircase to the Lair.
  8928 | D:9      | Reached ** piety under Sif Muna
  9118 | D:9      | Found a staircase to the Orcish Mines.
  9478 | D:10     | Entered Level 10 of the Dungeon
  9555 | D:10     | Noticed a two-headed ogre
  9574 | D:10     | Killed a two-headed ogre
  9574 | D:10     | Reached skill level 7 in Fighting
 10132 | D:10     | Noticed Josephine
 10146 | D:10     | Killed Josephine
 10146 | D:10     | Reached *** piety under Sif Muna
 10161 | D:10     | Reached skill level 8 in Fighting
 10161 | D:10     | Reached XP level 11. HP: 43/68 MP: 3/23
 10588 | D:11     | Noticed a four-headed hydra
 11232 | D:11     | Reached skill level 9 in Fighting
 11461 | D:11     | Killed a four-headed hydra
 11504 | D:12     | Noticed a skeletal warrior
 11504 | D:12     | Noticed a skeletal warrior
 11504 | D:12     | Noticed a skeletal warrior
 11567 | Lair:1   | Entered Level 1 of the Lair of Beasts
 11604 | Lair:1   | Reached **** piety under Sif Muna
 12393 | Lair:1   | Reached skill level 10 in Fighting
 12394 | Lair:1   | Reached XP level 12. HP: 53/77 MP: 23/25
 12670 | Lair:1   | Reached skill level 10 in Spellcasting
 12828 | Lair:2   | Reached skill level 1 in Invocations
 12981 | Lair:2   | Reached skill level 10 in Conjurations
 12988 | Lair:2   | Found a staircase to the Swamp.
 13439 | Lair:2   | Reached ***** piety under Sif Muna
 13941 | Lair:2   | Identified Sif Muna's Collected Works on Battle Magic (Sif
                  | Muna gifted it to you on level 2 of the Lair of Beasts)
 13941 | Lair:2   | Received a gift from Sif Muna
 13955 | Lair:2   | Learned a level 5 spell: Bolt of Magma
 13969 | Lair:2   | Found the +8 whip "Snakebite" {curare, rPois}
 14429 | Lair:3   | Reached skill level 5 in Stealth
 14435 | Lair:3   | Reached skill level 1 in Maces & Flails
 14448 | Lair:2   | Reached skill level 1 in Fire Magic
 15030 | Lair:3   | Learned a level 3 spell: Mephitic Cloud
 15248 | Lair:3   | Found a staircase to the Snake Pit.
 15359 | Lair:3   | Noticed Sonja
 15380 | Lair:3   | Killed Sonja
 15380 | Lair:3   | Reached skill level 5 in Invocations
 16107 | Lair:4   | Noticed a seven-headed hydra
 16511 | Lair:4   | Reached XP level 13. HP: 79/83 MP: 9/27
 16939 | Lair:4   | Reached skill level 5 in Fire Magic
 18062 | Lair:4   | Learned a level 3 spell: Conjure Flame
 18106 | Lair:4   | Reached skill level 11 in Fighting
 18633 | Lair:5   | Found a staircase to the Slime Pits.
 18633 | Lair:5   | Found a viscous altar of Jiyva.
 20131 | Lair:6   | Entered Level 6 of the Lair of Beasts
 20731 | Lair:6   | Gained mutation: Your large and strong wings let you fly
                  | indefinitely. [Gargoyle growth]
 20731 | Lair:6   | Reached XP level 14. HP: 90/90 MP: 28/28
 21771 | Lair:6   | Noticed a dire elephant
 21810 | Lair:6   | Killed a dire elephant
 21810 | Lair:6   | Reached skill level 12 in Fighting
 21810 | Lair:6   | Reached skill level 5 in Maces & Flails
 21997 | Lair:6   | Identified A Thorough Guide to Spellcraft
 22590 | Snake:1  | Entered Level 1 of the Snake Pit
 22590 | Snake:1  | Noticed a nagaraja
 23626 | D:12     | Found a sparkling altar of Nemelex Xobeh.
 24173 | D:13     | Reached skill level 10 in Fire Magic
 25044 | D:13     | Noticed Rupert
 25100 | D:13     | Mangled by Rupert

Skill      XL: |  1  2  3  4  5  6  7  8  9 10 11 12 13 14 |
---------------+-------------------------------------------+-----
Fighting       | 1 2 3 4 5 6 8 10 11 12 | 12.0
Earth Magic    | 4 5 6 8 9 |  9.0
Conjurations   | 1 4 5 7 9 10 | 10.5
Spellcasting   | 3 4 5 6 8 9 10 11 | 11.4
Transmutations | 3 4 |  4.1
Shields        | 4 |  4.0
Invocations    | 5 6 7 |  7.0
Stealth        | 6 |  6.0
Maces & Flails | 3 4 6 |  6.4
Fire Magic     | 3 8 10 | 10.5
Dodging        | |  1.5

Action                   |  1- 3 |  4- 6 |  7- 9 | 10-12 | 13-15 || total
-------------------------+-------+-------+-------+-------+-------++-------
Melee: Dagger            |    11 |       |       |       |       ||    11
       Short sword       |     4 |    59 |   239 |   110 |       ||   412
       Whip              |       |       |       |    60 |    47 ||   107
       Flail             |       |       |       |    15 |       ||    15
       Staff             |       |       |       |       |    43 ||    43
 Cast: Sandblast         |    60 |    35 |    48 |   131 |   171 ||   445
       Stone Arrow       |       |       |    57 |   217 |   274 ||   548
       Lee's Rapid Decon |       |       |    11 |     9 |    31 ||    51
       Petrify           |       |       |     5 |     7 |       ||    12
       Bolt of Magma     |       |       |       |     9 |    20 ||    29
       Mephitic Cloud    |       |       |       |     6 |    18 ||    24
       Conjure Flame     |       |       |       |       |    10 ||    10
       Passwall          |       |       |       |       |     2 ||     2
Invok: Divine Energy     |       |       |     1 |       |       ||     1
       Channel Magic     |       |       |       |       |     1 ||     1
Evoke: Phial of floods   |       |       |       |       |     1 ||     1
  Use: Scroll            |       |       |     6 |    12 |    13 ||    31
       Potion            |       |       |       |       |     2 ||     2
 Stab: Sleeping          |       |     1 |     5 |     1 |       ||     7
       Petrified         |       |       |     9 |       |       ||     9
  Eat: Chunk             |     1 |     5 |    17 |    21 |    23 ||    67
       Ration            |       |       |     3 |     2 |     4 ||     9
Armor: Robe              |     7 |    33 |   116 |   175 |   131 ||   462
Dodge: Dodged            |    19 |    45 |   157 |   230 |   198 ||   649
Block: Buckler           |       |       |    24 |    69 |    68 ||   161
